 Dungeon Crawl Stone Soup version 0.32-a0-473-gd044c6f0f0 (webtiles) character file.

Game seed: 4311225062100454597

495 gimp the Insei (level 6, -2/51 HPs)
             Began as a Demigod Shapeshifter on Feb 26, 2024.
             Splashed by a jelly's acid (8 damage)
             ... on level 5 of the Dungeon.
             The game lasted 00:07:50 (4029 turns).

gimp the Insei (Demigod Shapeshifter)               Turns: 4029, Time: 00:07:51

Health: -2/51      AC: -14   Str: 15    XL:     6   Next: 60%
Magic:  8/8        EV: 14    Int: 12    God:
Gold:   98         SH:  0    Dex: 21    Spells: 5/5 levels left

rFire   . .          .
                       - Unarmed
rCold   . . .        (no shield)
rNeg    + . .        a - +0 animal skin
rPois   .            (helmet currently unavailable)
rElec   .            (cloak currently unavailable)
rCorr   .            l - melded +0 pair of gloves
SInv    .            (boots currently unavailable)
Will    .....        (no amulet)
Stlth   ++           e - ring of positive energy
HPRegen 0.28/turn    (no ring)
MPRegen 0.11/turn

%: no passive effects
@: beast-form, corroded, hasted, very quick
A: beast (slay +1), high MP 1, forlorn, divine attributes
a: Begin Untransformation


You were on level 5 of the Dungeon.
You were a hulking beast.
You visited 1 branch of the dungeon, and saw 5 of its levels.

You collected 168 gold pieces.
You spent 70 gold pieces at shops.

Inventory:

Missiles
 h - 6 poisoned darts
 r - 2 throwing nets
Armour
 a - a +0 animal skin (worn)
 l - a +0 pair of gloves (melded)
Jewellery
 e - a ring of positive energy (left hand)
Talismans
 c - a beast talisman (active)
 d - a flux talisman
Scrolls
 b - a scroll of noise {unknown}
 g - a scroll of enchant armour {unknown}
 i - a scroll of blinking {unknown}
 j - 4 scrolls of teleportation
 k - a scroll of fear
 o - a scroll of vulnerability {unknown}
 p - a scroll of identify
 q - a scroll of amnesia {unknown}
Potions
 f - a potion of haste
 m - a potion of mutation


   Skills:
 - Level 3.0 Fighting
 + Level 3.9 Dodging
 + Level 5.4 Unarmed Combat
 - Level 2.6 Shapeshifting


You had 5 spell levels left.
You didn't know any spells.
Your spell library was empty.

Dungeon Overview and Level Annotations

Branches:
Dungeon (5/15)
 Temple: D:4-7

Shops:
D:4 !*?=

Annotations:
D:3 3 runed translucent doors, timneilson's ghost, amateur OpSh


Innate Abilities, Weirdness & Mutations

You are a hulking beast.
Your limbs bulge with bestial killing power. (Slay +1)
You have an increased reservoir of magic. (+10% MP)
You shall have no god before yourself.
Your divine heritage dramatically boosts your attributes as you level up.


Message History

Found a stone staircase leading up.
A lemure comes into view.
You see here 12 gold pieces.
You now have 98 gold pieces (gained 12).
A water moccasin comes into view.
The lemure attacks as it pursues you! The lemure closely misses you.
There is a stone staircase leading up here.
You climb upwards.
There is a stone staircase leading down here.
You climb downwards.
The lemure barely misses you. The lemure hits you.
There is a stone staircase leading up here.
You take 1 damage, and have 50/51 hp.
The lemure barely misses you.
You climb upwards.
There is a stone staircase leading down here.
You hit the lemure. You punch the lemure.
The lemure is lightly wounded.
The lemure hits you but does no damage.
Health restored: 51 You hit the lemure.
The lemure is moderately wounded.
The lemure barely misses you.
You hit the lemure.
The lemure is moderately wounded.
The lemure hits you.
You take 4 damage, and have 47/51 hp.
You hit the lemure.
The lemure is heavily wounded.
You barely miss the lemure. You punch the lemure.
The lemure is severely wounded.
The lemure hits you.
You take 3 damage, and have 44/51 hp.
You hit the lemure but do no damage. You punch the lemure.
The lemure is severely wounded.
The lemure hits you.
You take 6 damage, and have 38/51 hp.
You hit the lemure.
The lemure is severely wounded.
The lemure barely misses you.
You punch the lemure!
You kill the lemure!
That felt strangely unrewarding.
No target in view!
No target in view!
Things that are here:
a +0 short sword; an orc skeleton
There is a stone staircase leading down here.
You regained 5 hp, and now have 44/51 hp.
You climb downwards.
There is a stone staircase leading up here.
HP restored.
Found a dagger.
Found a stone staircase leading down.
Health restored: 51 A jelly comes into view.
The jelly quivers.
You hit the jelly but do no damage. The acid corrodes you!
Your hands burn!
The jelly hits you. The acid corrodes you!
You are splashed with acid.
You take 9 damage, and have 42/51 hp.
You hit the jelly. The acid corrodes you!
Your hands burn!
You punch the jelly, but do no damage.
The jelly is lightly wounded.
The jelly jiggles.
The jelly hits you.
You are splashed with acid!
You take 11 damage, and have 31/51 hp.
MASSIVE DAMAGE!!
You hit the jelly but do no damage.
Your hands burn!
The jelly is lightly wounded.
The jelly hits you.
You are splashed with acid!
You take 11 damage, and have 20/51 hp.
MASSIVE DAMAGE!!
You are too injured to fight recklessly!
You are too injured to fight recklessly!
You are too injured to fight recklessly!
You are too injured to fight recklessly!
Unknown command.
You hit the jelly.
Your hands burn!
You punch the jelly, but do no damage.
The jelly is moderately wounded.
You take 2 damage, and have 18/51 hp.
You hit the jelly but do no damage.
Your hands burn!
* * * LOW HITPOINT WARNING * * *
The jelly is moderately wounded.
The jelly hits you.
* * * LOW HITPOINT WARNING * * *
You are splashed with acid!
* * * LOW HITPOINT WARNING * * *
You take 14 damage, and have 4/51 hp.
MASSIVE DAMAGE!!
Okay, then.
Unknown command.
You feel better. The jelly hits you.
* * * LOW HITPOINT WARNING * * *
You are splashed with acid.
* * * LOW HITPOINT WARNING * * *
You regained 3 hp, and now have 7/51 hp.
You feel yourself speed up. The jelly hits you.
* * * LOW HITPOINT WARNING * * *
The acid corrodes you!
You are splashed with acid!
You die...

......# #.# ....# #.# #
#..# #.# #.
#..#######.######
#.###................
##.##..........#########
...>.....#####.# #
#..###...# #.# #
.......h.# #.# #
######.J.# #.# # #...#
#.# # ..... ..# #
##..### .## #... ####
#.## .... #. ####


You could see a jelly.

Vanquished Creatures
  A lemure (D:4)
  A kobold brigand (D:4)
  3 orc priests (D:4)
  A hound (D:4)
  A jelly (D:4)
  2 iguanas
  4 gnolls
  8 adders
  2 dart slugs
  A ribbon worm (D:2)
  6 orcs
  10 ball pythons
  6 bats
  6 endoplasms
  2 giant cockroaches
  9 goblins
  6 hobgoblins
  12 jackals
  9 kobolds
  7 quokkas
  5 frilled lizards
  9 rats
111 creatures vanquished.

Notes
Turn   | Place    | Note
-------+----------+-------------------------------------------
     0 | D:1      | gimp the Demigod Shapeshifter began the quest for the Orb.
     0 | D:1      | Reached XP level 1. HP: 15/15 MP: 3/3
    10 | D:1      | Reached skill level 1 in Fighting
   141 | D:1      | Reached skill level 3 in Unarmed Combat
   206 | D:1      | Reached XP level 2. HP: 23/23 MP: 4/4
   742 | D:1      | Reached XP level 3. HP: 26/29 MP: 5/5
  1203 | D:1      | Reached XP level 4. HP: 28/37 MP: 6/6
  1432 | D:2      | Reached skill level 4 in Unarmed Combat
  1959 | D:2      | Reached XP level 5. HP: 38/45 MP: 7/7
  2274 | D:3      | Found a runed translucent gate.
  2274 | D:3      | Found a runed translucent gate.
  2278 | D:3      | Found a runed translucent gate.
  2310 | D:3      | Noticed timneilson's ghost (amateur OpSh)
  2838 | D:4      | Found Nofidy Akop's Distillery.
  2932 | D:4      | Reached skill level 5 in Unarmed Combat
  2932 | D:4      | Reached XP level 6. HP: 11/51 MP: 8/8
  3081 | D:4      | Bought a potion of curing for 30 gold pieces
  3085 | D:4      | Found Jioziac's Jewellery Boutique.
  3088 | D:4      | Found Mergh's Magic Scroll Shop.
  3100 | D:4      | Bought a scroll of identify for 20 gold pieces
  3102 | D:4      | Bought a scroll of identify for 20 gold pieces
  3417 | D:4      | Found Gucwof's Assorted Antiques.
  3887 | D:5      | Entered Level 5 of the Dungeon
  3891 | D:5      | Noticed a water moccasin
  4029 | D:5      | Splashed by a jelly's acid

Illustrated notes

Levels and vault maps discovered:
D:1:      onia_arrival_handbag, layout_loops_ring
D:2:      layout_loops_ring, minmay_tromino_v7
D:3:      layout_basic, gammafunk_ghost_split
D:4:      layout_loops_cross, nicolae_ru_path_of_blood, serial_shops, shop,
          nicolae_shop_dealshenge, shop, shop, minivault_24,
          lexackson_kobold_supper
D:5:      layout_loops_ring, serial_park_tiny_pond, kennysheep_generic_room_16,
          uniq_pikel

Skill      XL: |  1  2  3  4  5 |
---------------+----------------+-----
Fighting       | 1 2 3 |  3.0
Unarmed Combat | 3 4 5 |  5.4
Dodging        | 2 3 |  3.9
Shapeshifting  | |  2.6

Action                     |  1- 3 |  4- 6 || total
---------------------------+-------+-------++-------
  Melee: Unarmed           |   123 |   249 ||   372
         Punch             |     5 |    13 ||    18
  Throw: Dart              |     1 |       ||     1
    Use: Potion            |     1 |     4 ||     5
         Scroll            |       |     4 ||     4
   Stab: Sleeping          |     1 |     8 ||     9
         Distracted        |       |     1 ||     1
 Armour: Animal skin       |    59 |    99 ||   158
         Skin              |     5 |       ||     5
  Dodge: Dodged            |    76 |   135 ||   211
         Form:             |       |     1 ||     1
         Beast             |       |     1 ||     1

Table legend: (Time is in decaauts)
 A = Elapsed time spent in this place.
 B = Non-inter-level travel time spent in this place.
 C = Inter-level travel time spent in this place.
 D = Time resting spent in this place.
 E = Time spent auto-exploring this place.
 F = Levels seen in this place.
 G = Mean time per level.
                   A        B        C        D        E       F      G
               +--------+--------+--------+--------+--------+-----+--------+
         Total |   4002 |   3845 |    157 |    171 |   2837 |   5 |  800.4 |
       Dungeon |   4002 |   3845 |    157 |    171 |   2837 |   5 |  800.4 |
               +--------+--------+--------+--------+--------+-----+--------+

Top non-repeatable levels by time:
     D:4: 1230 daAuts
     D:2: 1137 daAuts
     D:1: 1089 daAuts
     D:3: 435 daAuts
     D:5: 110 daAuts
